 Dungeon Crawl Stone Soup version 0.18-a0-425-ge088ad1 (webtiles) character file.

1187364 benitares the Merfolkian Porcupine (level 27, -18/249 HPs)
             Began as a Merfolk Gladiator on Nov 30, 2015.
             Was the Champion of Zin.
             Killed by an exploding fulminant prism (65 damage)
             ... created by Zakhler
             ... in Pandemonium on Dec 1, 2015.
             The game lasted 06:44:14 (124505 turns).

benitares the Merfolkian Porcupine (MfGl)         Turns: 124505, Time: 06:44:17

Health: -18/249    AC: 47    Str: 32 (33) XL:     27
Magic:  36/36      EV: 44    Int: 14 (16) God:    Zin [******]
Gold:   5481       SH:  0    Dex: 45      Spells: 0 memorised, 26 levels left

rFire  + + +     SeeInvis +     b - +2 bardiche of the Big Bang {chop, rF+ rC+ Int-2 SInv} (curse)
rCold  + + .     Rnd*Rage +     O - +9 plate armour of Greed {rElec rN+ Int-2 Dex+7}
rNeg   + . .     SustAt   .     (shield currently unavailable)
rPois  ∞         Gourm    .     p - +2 hat {MR+}
rElec  +         Spirit   .     l - +0 cloak "Weikatt" {rC+ rCorr Stlth+}
rCorr  +         Dsmss    .     d - +0 pair of gloves of Abstinence {*Corrode Str+4 Int+3}
rMut   .         Stasis   .     r - +2 pair of boots {Fly}
MR     ++++.                    h - amulet of the Air {Inacc +Fly rElec EV+5 RMsl}
Stlth  ++++++....               L - ring of the Meadowlark {MR- Str+3 Int+7 Dex+5}
                                w - ring of Atheism {+Inv rElec rF+++ Int-5 SInv}

@: exhausted, vitalised, short of breath, corroded equipment, slowed, studying
Hexes, repel missiles, very slow, incredibly resistant to hostile enchantments,
very stealthy
A: change form in water, swift swim, beak, horns 1, iridescent scales 1, rough
black scales 1, thin metallic scales 1, berserk 1, deterioration 1, dopey 1, low
mp 1, magic resistance 2, sense surroundings 2, screaming 1, subdued magic 1
a: Recite, Vitalisation, Imprison, Sanctuary, Donate Gold, Cure All Mutations,
Renounce Religion, Evoke Invisibility, Evoke Flight
}: 11/15 runes: serpentine, barnacled, slimy, silver, iron, obsidian, abyssal,
demonic, glowing, fiery, dark


You were in Pandemonium.
You worshipped Zin.
Zin was exalted by your worship.
You were not hungry.

You visited 15 branches of the dungeon, and saw 77 of its levels.
You visited Pandemonium 1 time, and saw 17 of its levels.
You visited the Abyss 2 times.
You visited 1 bazaar.
You visited 1 ziggurat, and saw 17 of its levels.
You also visited: Labyrinth, Trove, Ossuary, Ice Cave and Wizlab.

You collected 13042 gold pieces.
You spent 4589 gold pieces at shops.
You donated 2972 gold pieces to Zin.

Inventory:

Hand Weapons
 b - the cursed +2 bardiche of the Big Bang (weapon) {chop, rF+ rC+ Int-2 SInv}
   (You found it in a treasure trove)

   It inflicts extra damage upon your enemies.
   It affects your intelligence (-2).
   It protects you from fire.
   It protects you from cold.
   It lets you see invisible.
   It has a curse placed upon it.
 c - the +5 bardiche of Eternity {flame, MR+ Str-3 Dex+3}
   (You found it in a treasure trove)

   It has been specially enchanted to burn those struck by it, causing extra
   injury to most foes and up to half again as much damage against particularly
   susceptible opponents.
   Big, fiery blades are also staple armaments of hydra-hunters.
   It affects your strength (-3).
   It affects your dexterity (+3).
   It affects your resistance to hostile enchantments.
 q - the +13 Scythe of Curses {drain, *Curse}
   (You found it in a treasure trove)

   A truly terrible weapon, it drains the life of those it strikes.
   It may re-curse itself when equipped.
   Zin disapproves of the use of such an item.
Armour
 d - the +0 pair of gloves of Abstinence (worn) {*Corrode Str+4 Int+3}
   (You acquired it on level 17 of a ziggurat)

   It affects your strength (+4).
   It affects your intelligence (+3).
   It may corrode your equipment when you take damage.
 g - a +2 pair of gloves of dexterity
 l - the +0 cloak "Weikatt" (worn) {rC+ rCorr Stlth+}
   (You found it on level 5 of the Vaults)

   It protects you from cold.
   It protects you from acid and corrosion.
   It makes you more stealthy.
 p - a +2 hat of magic resistance (worn)
 r - a +2 pair of boots of flying (worn)
 O - the +9 plate armour of Greed (worn) {rElec rN+ Int-2 Dex+7}
   (You found it on level 6 of the Pits of Slime)

   It affects your intelligence (-2).
   It affects your dexterity (+7).
   It insulates you from electricity.
   It protects you from negative energy.
 Q - the +8 chain mail of Okawaru's Displeasure {*Drain rF+ Int-2 Dex+9}
   (Okawaru gifted it to you on level 3 of the Elven Halls)

   It affects your intelligence (-2).
   It affects your dexterity (+9).
   It protects you from fire.
   It causes draining when unequipped.
Jewellery
 a - the cursed ring of Contentment {rElec rPois rF+++ MR+ MP+9}
   (You bought it in a shop on level 2 of the Elven Halls)

   [ring of magical power]

   It renders you almost immune to fire.
   It insulates you from electricity.
   It protects you from poison.
   It affects your resistance to hostile enchantments.
   It affects your magic capacity (+9).
   It has a curse placed upon it.
 h - the amulet of the Air (around neck) {Inacc +Fly rElec EV+5 RMsl}
   (You found it on level 3 of the Elven Halls)

   [amulet of inaccuracy]

   It reduces the accuracy of all your attacks.
   It affects your evasion (+5).
   It insulates you from electricity.
   It lets you fly.
   It protects you from missiles.
 n - the ring of Temperance {+/*Tele rElec MR- Str+3 Stlth+}
   (You found it on level 7 of Gehenna)

   [ring of teleportation]

   It may teleport you to nearby monsters, and can be evoked to randomly
   teleport.
   It affects your strength (+3).
   It insulates you from electricity.
   It affects your resistance to hostile enchantments.
   It makes you more stealthy.
 v - the amulet of Day {Faith *Corrode rN+ Str-2 Int+9, unknown}
   (You took it off a balrug in Pandemonium)

   [amulet of faith]

   It allows you to gain divine favour quickly.
   It affects your strength (-2).
   It affects your intelligence (+9).
   It protects you from negative energy.
   It may corrode your equipment when you take damage.
 w - the ring of Atheism (left hand) {+Inv rElec rF+++ Int-5 SInv}
   (You took it off a frost giant on level 3 of the Depths)

   [ring of see invisible]

   It affects your intelligence (-5).
   It renders you almost immune to fire.
   It insulates you from electricity.
   It lets you see invisible.
   It lets you turn invisible.
 z - an uncursed amulet of the gourmand {unknown}
 G - the ring of the Present {+/*Tele rC+ MR+++ Int-5 Dex-2}
   (You found it on level 7 of the Iron City of Dis)

   [ring of teleportation]

   It may teleport you to nearby monsters, and can be evoked to randomly
   teleport.
   It affects your intelligence (-5).
   It affects your dexterity (-2).
   It protects you from cold.
   It affects your resistance to hostile enchantments.
 L - the ring of the Meadowlark (right hand) {MR- Str+3 Int+7 Dex+5}
   (You bought it in a shop on level 4 of the Orcish Mines)

   [ring of strength]

   It affects your strength (+3).
   It affects your intelligence (+7).
   It affects your dexterity (+5).
   It affects your resistance to hostile enchantments.
Wands
 D - a wand of hasting (0)
 N - a wand of hasting (0)
 W - a wand of heal wounds (3)
 Z - a wand of teleportation (1)
Scrolls
 e - 14 scrolls of fog
 j - 12 scrolls of enchant armour
 k - 10 scrolls of amnesia
 o - 6 scrolls of identify
 s - 4 scrolls of silence
 x - 6 scrolls of recharging
 y - 5 scrolls of fear
 C - 22 scrolls of enchant weapon
 F - a scroll of acquirement
 K - a scroll of summoning
 P - a scroll of teleportation
 U - 3 scrolls of magic mapping
 V - 14 scrolls of remove curse
Potions
 f - 2 potions of brilliance
 m - 4 potions of berserk rage
 t - 12 potions of curing
 A - 4 potions of resistance
 B - 6 potions of cancellation
 I - a potion of haste
 M - 2 potions of agility
 Y - 4 potions of invisibility
Books
 i - a manual of Hexes
Miscellaneous
 J - a phial of floods
 X - a fan of gales
Comestibles
 u - 8 royal jellies
 H - 3 fruits
 T - a bread ration


   Skills:
 O Level 27 Fighting
 O Level 27 Polearms
 - Level 2.0 Throwing
 O Level 27 Armour
 O Level 27 Dodging
 + Level 21.9 Stealth
 O Level 27 Invocations
 + Level 21.4 Evocations


You had 26 spell levels left.
You didn't know any spells.

Dungeon Overview and Level Annotations

Branches:
Dungeon (15/15)            Temple (1/1) D:7            Lair (8/8) D:9
 Shoals (4/4) Lair:4        Snake (4/4) Lair:3        Slime (6/6) Lair:8
    Orc (4/4) D:9             Elf (3/3) Orc:3        Vaults (5/5) D:14
  Crypt (2/3) Vaults:3     Depths (5/5) D:15           Hell (1/1)
    Dis (7/7) Hell            Geh (7/7) Hell            Coc (0/7) Hell
    Tar (0/7) Hell            Zot (5/5) Depths:5

Altars:
Ashenzari
Cheibriados
Dithmenos
Elyvilon
Fedhas
Gozag
Kikubaaqudgha
Makhleb
Nemelex Xobeh
Okawaru
Qazlal
Ru
Sif Muna
Trog
Vehumet
Xom
Yredelemnul
Zin
The Shining One

Shops:
D:8 *   D:10 [   D:14 ??}   Orc:4 =[[*(   Elf:2 ((}==   Shoals:1 }*
Shoals:3 :   Snake:2 (   Vaults:1 (   Vaults:2 }:*(   Vaults:4 }}   Depths:1 *
Depths:3 ?

Portals:
Hell: Depths:1 Depths:2 Depths:3 Depths:4 Depths:5
Abyss: Depths:1 Depths:2 Depths:4
Pandemonium: Depths:3

Annotations:
D:7 exclusion: ice statue
Lair:3 exclusion: 5 oklob plants
Slime:2 exclusion: upstairs
Geh:5 6 runed doors


Innate Abilities, Weirdness & Mutations

You revert to your normal form in water.
You are very nimble and swift while swimming.
You have a beak for a mouth.
You have a pair of small horns on your head.
You are partially covered in iridescent scales (AC +4).
You are partially covered in rough black scales (AC +4, Dex -1).
You are partially covered in thin metallic scales (AC +2).
You tend to lose your temper in combat.
Your body sometimes deteriorates upon taking damage.
You are dopey. (Int -2)
Your magical capacity is low (-10% MP).
You are highly resistant to hostile enchantments.
You passively map the area around you.
You occasionally shout uncontrollably at your foes.
Your spells are a little easier to cast, but a little less powerful.


Message History

Unknown command.
You are too berserk!
Press: ? - help, v - describe, . - travel
Here: Zakhler The floor.
You are too injured to fight recklessly!
The Shadow Fiend gestures at you. The bolt of cold misses you.
Zakhler gestures next to you.
Zakhler conjures a prism of explosive energy!
A fulminant prism comes into view.
You feel a strong urge to attack something.
The fulminant prism crackles loudly.
You feel your anger subside.
You are no longer berserk.
You are exhausted.
You feel yourself slow down.
The fulminant prism explodes!
The blast of energy engulfs you!
You die...

*
*######.#########.....
#.# #..... #.# #.....
####.#### #.....
#[.....)# #.....
####.#### #..... #.#
#..... #####.#####
#..... #(.@.....$#
#..... #####.#####
###### ** #1#** * ,1&.
, , #1## ,* , , ... ,,
** * ###* *


There were no monsters in sight!

Vanquished Creatures
  Cerebov (Pan)
  Asmodeus (Geh:7)
  the Royal Jelly (Slime:6)
  the Serpent of Hell (Dis:7)
  Mnoleg (Pan)
  Dispater (Dis:7)
  5 ancient liches
  4 orbs of fire
  Mara (Depths:1)
  Mennas (Pan)
  3 pandemonium lords
  Boris (Vaults:3)
  5 iron giants
  Saint Roka (Orc:4)
  3 Killer Klowns (Zot:5)
  2 curse toes
  A caustic shrike (Zig:4)
  Geryon (Hell)
  13 golden dragons
  3 profane servitors
  Jory (Crypt:1)
  the Enchantress (Depths:5)
  6 bone dragons
  14 liches
  6 electric golems
  16 Brimstone Fiends
  Jorgrun (Elf:2)
  3 hellephants
  6 Hell Sentinels
  Rupert (D:15)
  32 tentacled monstrosities
  3 Ice Fiends
  25 Orb Guardians (Zot:5)
  9 Shadow Fiends (Pan)
  7 deep elf blademasters
  4 deep elf master archers
  13 titans
  11 death cobs
  30 tentacled starspawn
  2 sphinxes
  Murray (Depths:1)
  18 acid blobs
  A kraken (Shoals:4)
  5 quicksilver dragons
  27 Executioners
  3 eldritch tentacles
  5 tengu reavers
  Frances (Shoals:1)
  17 storm dragons
  13 shadow dragons
  3 revenants
  7 ancient champions
  7 blood saints
  Roxanne (Snake:2)
  3 draconian monks
  13 azure jellies
  8 greater nagas
  Ilsuiw (Shoals:4)
  6 corrupters
  29 fire giants
  14 frost giants
  Donald (Snake:2)
  11 draconian knights
  Maud (Lair:6)
  38 balrugs
  An emperor scorpion (Zig:6)
  7 deep elf sorcerers
  8 draconian scorchers
  8 iron dragons
  5 ghost moths
  4 orc warlords
  Aizul (Snake:3)
  14 vault wardens
  3 curse skulls
  31 cacodemons
  3 draconian zealots
  6 warmongers
  3 angels
  3 spriggan defenders (Depths:5)
  5 ghouls (Crypt:1)
  30 reapers
  12 draconian annihilators
  35 very ugly things
  3 draconian shifters
  22 war gargoyles
  16 ironheart preservers
  A caustic shrike skeleton (Zig:16)
  5 draconian callers
  14 salamander stormcallers
  9 deep elf demonologists
  35 stone giants
  13 green draconians
  2 ophanim
  2 vampire knights
  5 dire elephants (Depths:2)
  10 deep elf annihilators
  14 mottled draconians
  12 white draconians
  10 purple draconians
  Azrael (Elf:2)
  16 lorocyprocas
  14 black draconians
  9 yellow draconians
  2 bennus (Zig:10)
  13 red draconians
  10 black suns
  7 chaos champions (Pan)
  13 ettins
  14 blizzard demons
  4 spark wasps
  7 eidola
  5 merfolk javelineers
  Snorg (Lair:7)
  7 deep elf death magi
  2 quicksilver dragon zombies
  2 mummy priests
  A minotaur (Lab)
  10 death oozes
  13 green deaths
  17 great orbs of eyes
  6 rakshasas
  3 deep elf high priests
  16 jiangshi
  14 merfolk impalers
  2 crystal guardians
  4 spriggan air magi
  33 vault guards
  7 entropy weavers
  A hell beast (Pan)
  39 fire dragons
  11 hydras
  Harold (Orc:1)
  3 catoblepae
  3 quicksilver dragon skeletons
  12 naga warriors
  18 yaktaur captains
  19 ice dragons
  2 monstrous demonspawn (Pan)
  2 death knights
  A ghost crab (shapeshifter) (Depths:5)
  16 dancing weapons
  An alligator snapping turtle (Zig:17)
  12 centaur warriors
  9 tengu warriors
  An anaconda (shapeshifter) (Vaults:5)
  9 merfolk avatars
  10 merfolk aquamancers
  17 ogre magi
  4 death yaks (Lair:8)
  A satyr (Shoals:4)
  3 titan zombies
  8 vampire magi
  18 hell hogs
  16 anacondas
  10 naga sharpshooters
  14 deep troll shamans
  11 deep troll earth magi
  25 deep elf knights
  8 orc high priests
  3 spriggan berserkers
  55 sun demons
  47 soul eaters
  Sonja (D:14)
  17 iron golems
  Nergalle (Lair:3)
  12 shock serpents
  2 fire crabs (shapeshifter)
  2 storm dragon zombies
  26 thrashing horrors
  19 sea snakes
  33 wretched stars
  A death scarab (Zig:8)
  2 fire crabs
  54 hell knights
  5 titan skeletons
  19 iron trolls
  116 large abominations
  51 skeletal warriors
  27 deep trolls
  A death drake (Abyss:3)
  8 spatial maelstroms
  19 shadow demons
  2 ghost moth zombies
  11 shadow wraiths
  6 infernal demonspawn
  7 salamander mystics
  11 flayed ghosts
  6 unseen horrors
  2 golden dragon zombies
  A spark wasp zombie (Depths:4)
  An unseen horror (shapeshifter) (WizLab)
  80 starcursed masses
  2 anaconda zombies
  9 phantasmal warriors
  8 giant orange brains
  16 ironbrand convokers
  4 lindwurms (Snake:4)
  24 harpies
  An orange crystal statue (Elf:2)
  3 harpies (shapeshifter)
  10 putrid demonspawn
  2 torturous demonspawn (Pan)
  5 wizards
  11 deep elf summoners
  7 naga ritualists
  A swamp dragon (Zig:12)
  3 anaconda skeletons
  3 golden dragon skeletons
  16 deep elf conjurers
  2 shadow dragon zombies
  A hill giant (shapeshifter) (Abyss:5)
  5 hill giants
  4 wolf spider zombies
  3 fauns
  3 orb spiders
  19 orc knights
  A sphinx zombie (Zig:16)
  2 iron dragon zombies
  5 gelid demonspawn (Pan)
  An oklob plant (Zig:14)
  A mana viper (shapeshifter) (WizLab)
  69 ugly things
  4 human zombies
  2 wolf spiders
  A faun (shapeshifter) (Depths:3)
  6 orc sorcerers
  3 hornets (shapeshifter)
  17 mana vipers
  A shadow dragon skeleton (Geh:7)
  A sphinx skeleton (Depths:4)
  2 fire giant zombies
  6 frost giant zombies
  9 shining eyes
  4 stone giant zombies
  3 tengu skeletons
  21 griffons
  24 salamanders
  12 sirens
  12 water nymphs
  13 cyclopes
  6 hornets
  24 necromancers
  3 frost giant skeletons
  81 slime creatures
  29 sixfirhies
  6 worldbinders
  21 elephants
  2 iron dragon skeletons
  18 manticores
  A moth of wrath (shapeshifter) (Elf:2)
  7 stone giant skeletons
  29 moths of wrath
  A spriggan zombie (D:15)
  29 black mambas
  6 fire giant skeletons
  A gargoyle (D:13)
  41 smoke demons
  4 eyes of devastation
  18 guardian serpents
  14 naga magi
  An ice statue (IceCv)
  A guardian serpent (shapeshifter) (Vaults:1)
  A storm dragon simulacrum (Abyss:3)
  4 dire elephant skeletons
  3 apocalypse crabs
  15 vault sentinels
  A torpor snail (shapeshifter) (WizLab)
  13 molten gargoyles
  31 rust devils
  52 yaktaurs
  A green draconian zombie (Crypt:2)
  45 hellions
  13 ice devils
  26 tormentors
  A titan simulacrum (Depths:3)
  4 octopodes (shapeshifter)
  50 orange demons
  12 komodo dragons
  8 kobold demonologists
  42 small abominations
  24 demonic crawlers
  A yaktaur (shapeshifter) (WizLab)
  A catoblepas skeleton (Geh:1)
  5 tengu conjurers
  24 spiny frogs
  A silent spectre (Abyss:3)
  43 red devils
  14 hellwings
  A jumping spider (Depths:1)
  14 efreet
  A two-headed ogre (shapeshifter) (Vaults:4)
  A yaktaur skeleton (Zig:2)
  5 guardian mummies
  24 deep elf priests
  4 wind drakes
  4 polar bears (shapeshifter)
  21 two-headed ogres
  A polar bear (Lair:3)
  A harpy skeleton (Geh:3)
  A merfolk (shapeshifter) (WizLab)
  A queen bee (shapeshifter) (WizLab)
  A tengu simulacrum (Vaults:2)
  The ghost of 4thArraOfDagon the Scratcher, a novice FeFi of Makhleb (D:10)
  7 hydra zombies
  A queen bee (Abyss:3)
  21 blink frogs
  15 ancient zymes
  A snapping turtle (shapeshifter) (Depths:4)
  57 raiju
  9 trolls
  8 freezing wraiths
  36 merfolk
  2 jumping spiders (shapeshifter)
  A bog body (Crypt:1)
  A boulder beetle (shapeshifter) (WizLab)
  A wind drake (shapeshifter) (Vaults:4)
  6 boulder beetles
  2 giant leeches (Lair:8)
  4 hydra skeletons
  4 ice dragon zombies
  An ettin zombie (Geh:1)
  3 fire dragon zombies
  12 snapping turtles
  27 flying skulls
  2 tarantellas (shapeshifter)
  A blink frog (shapeshifter) (WizLab)
  13 redbacks
  5 alligator zombies
  2 trapdoor spiders
  An ettin skeleton (Geh:4)
  3 ice dragon skeletons
  8 air elementals
  A yak (shapeshifter) (WizLab)
  2 fire dragon skeletons
  2 spriggans (shapeshifter)
  An iron dragon simulacrum (Depths:4)
  10 shadows
  6 wyverns
  A griffon skeleton (Crypt:2)
  An alligator skeleton (Pan)
  45 deep elf magi
  2 tarantellas
  29 wraiths
  55 deep elf fighters
  Eustachio (D:4)
  8 fire bats
  16 fire elementals
  A human (shapeshifter) (Vaults:3)
  3 spriggans (Depths:5)
  13 vampires
  18 humans (D:14)
  14 golden eyes
  44 chaos spawn
  A hog (shapeshifter) (WizLab)
  4 hungry ghosts
  30 vampire mosquitoes
  4 basilisks
  12 water elementals
  26 wolves
  A black mamba skeleton (Geh:7)
  14 hippogriffs
  A catoblepas simulacrum (Abyss:3)
  2 mottled dragons
  4 elf skeletons
  42 ynoxinuls
  Menkaure (D:4)
  9 insubstantial wisps
  58 neqoxecs
  65 yaks
  A harpy simulacrum (Abyss:5)
  41 nagas
  21 spatial vortices
  A soldier ant (D:13)
  13 water moccasins
  A mottled dragon (shapeshifter) (WizLab)
  9 porcupines
  2 spiny frog zombies
  A soldier ant (shapeshifter) (WizLab)
  13 wargs
  3 wasps
  66 hell hounds
  A manticore zombie (Dis:7)
  A black bear (D:11)
  3 spiny frog skeletons
  An ice dragon simulacrum (Abyss:5)
  5 eyes of draining
  42 orc warriors
  35 centaurs
  2 sky beasts
  A manticore skeleton (Geh:4)
  6 ice beasts
  20 boggarts
  14 crocodiles
  61 ogres
  A phantom (Geh:3)
  7 necrophages
  A snapping turtle skeleton (Geh:7)
  A big kobold (shapeshifter) (Abyss:5)
  2 elf zombies
  3 earth elementals
  An octopode zombie (Crypt:1)
  41 giant frogs
  A wyvern zombie (D:14)
  A gnoll sergeant (D:7)
  8 big kobolds
  3 troll zombies
  9 killer bees (Abyss:3)
  60 wights
  3 scorpions
  4 electric eels (Lair:8)
  8 quasits
  A troll skeleton (Abyss:3)
  15 crimson imps
  A human simulacrum (Vaults:3)
  4 giant frog zombies
  33 jellies
  A draconian simulacrum (IceCv)
  12 iron imps
  2 hounds
  7 centaur skeletons
  30 orc priests
  17 iguanas
  An iguana (shapeshifter) (Vaults:5)
  A human skeleton (Geh:1)
  29 orc wizards
  Natasha (thrice) (D:4)
  3 giant frog skeletons
  A dwarf zombie (Crypt:1)
  A sky beast zombie (Crypt:1)
  A troll simulacrum (IceCv)
  A big kobold zombie (Crypt:2)
  14 worker ants
  23 sheep
  3 centaur simulacra (IceCv)
  2 hound zombies
  A naga skeleton (Abyss:2)
  3 naga simulacra (IceCv)
  A worker ant zombie (D:9)
  16 mummies
  42 river rats
  4 gnolls (D:7)
  2 ogre simulacra (IceCv)
  6 white imps
  4 shadow imps
  9 adders
  A giant eyeball (shapeshifter) (WizLab)
  4 ufetubi (Abyss:3)
  4 giant eyeballs
  An ooze (D:1)
  A worm zombie (Crypt:2)
  An adder skeleton (D:9)
  8 giant geckos
  233 orcs
  5 goblins
  5 hobgoblins
  38 kobolds
  5 quokkas
  2 ball pythons
  A ball python skeleton (Crypt:1)
  14 bats
  4 giant cockroaches
  A giant gecko skeleton (D:5)
  A giant newt (D:4)
  5 hobgoblin zombies (Ossuary)
  14 jackals
  A jackal zombie (Crypt:1)
  A kobold skeleton (Crypt:1)
  A kobold zombie (Ossuary)
  3 orc zombies
  A quokka skeleton (D:4)
  14 rats
  A rat zombie (Crypt:1)
  5 crawling corpses
  9 fire vortices
  2 fungi (Orc:4)
  A lurking horror (Abyss:5)
  3 pillars of salt
  A plant (Shoals:4)
  19 starspawn tentacles
  2 starspawn tentacle segments
  3 tentacles (Shoals:4)
5302 creatures vanquished.

Vanquished Creatures (collateral kills)
  Nikola (Depths:3)
  A Brimstone Fiend (Dis:7)
  A titan (Vaults:5)
  A quicksilver dragon (Dis:7)
  A greater naga (Snake:4)
  A deep elf sorcerer (Vaults:5)
  A vault warden (Vaults:5)
  A frost giant (Depths:3)
  Louise (Snake:2)
  2 very ugly things (Depths:4)
  3 stone giants (Vaults:5)
  A war gargoyle (Vaults:5)
  2 black draconians (Depths:5)
  3 mottled draconians (Depths:5)
  A spark wasp (Depths:4)
  A deep elf death mage (Vaults:5)
  2 ettins (Vaults:5)
  3 yaktaur captains
  3 vault guards
  A rakshasa (Depths:1)
  Josephine (Shoals:1)
  An ice dragon (Depths:4)
  3 naga warriors
  A spriggan air mage (Depths:2)
  A quicksilver dragon skeleton (Depths:3)
  A merfolk avatar (Shoals:3)
  An ogre mage (Vaults:1)
  A centaur warrior (Depths:1)
  An alligator snapping turtle (Shoals:4)
  A satyr (Shoals:3)
  A tengu warrior (Depths:1)
  3 naga sharpshooters
  2 deep elf knights
  2 deep trolls (Vaults:1)
  A hill giant (Vaults:1)
  2 ironbrand convokers
  2 necromancers
  3 mana vipers (Snake:4)
  A naga ritualist (Snake:2)
  A deep elf conjurer (Vaults:5)
  2 fauns (Shoals:1)
  2 griffons
  4 ugly things
  A manticore (Shoals:3)
  2 salamanders
  2 water nymphs
  2 phantasmal warriors
  A rust devil (Dis:7)
  A harpy (Shoals:3)
  7 black mambas
  2 naga magi
  An elephant (Depths:2)
  A vault sentinel (Vaults:1)
  3 guardian serpents
  An eye of devastation (shapeshifter) (Vaults:5)
  8 yaktaurs
  A tengu conjurer (Elf:1)
  A yaktaur skeleton (Vaults:3)
  9 merfolk
  A shadow dragon simulacrum (Vaults:3)
  3 two-headed ogres
  An ice devil (Zig:5)
  2 jumping spiders (Depths:3)
  5 slime creatures
  A snapping turtle (Shoals:3)
  A redback (Depths:2)
  A deep elf mage (Depths:3)
  A water elemental (Depths:1)
  A vampire mosquito (Vaults:1)
  3 nagas
  5 deep elf fighters
  A hell hound (Zig:16)
  An ettin simulacrum (Vaults:3)
  A boggart (Vaults:2)
  A centaur (shapeshifter) (Depths:3)
  4 ogres
  An orc warrior (Vaults:2)
  5 centaurs
  A glowing shapeshifter simulacrum (Vaults:3)
  An orc wizard (Vaults:2)
  A sheep (Shoals:1)
  3 orcs (Vaults:2)
  A crawling corpse (Vaults:5)
158 creatures vanquished.

Vanquished Creatures (others)
  A storm dragon (Zot:2)
  A caustic shrike zombie (Zig:16)
  An ironheart preserver (Zig:15)
  A caustic shrike skeleton (Zig:16)
  A reaper (Hell)
  A blood saint (Pan)
  A lorocyproca (Pan)
  A salamander stormcaller (Geh:7)
  A yellow draconian (Depths:4)
  A quicksilver dragon skeleton (Geh:7)
  A merfolk avatar (Shoals:4)
  A titan skeleton (Geh:7)
  A deep elf knight (Elf:1)
  A ball lightning (Zot:5)
  An ugly thing (Depths:3)
  A manticore (Zig:17)
  A hornet (Zig:15)
  2 drowned souls (Abyss:5)
  3 spriggan skeletons (Zig:16)
  A yaktaur (Zig:15)
  A komodo dragon (shapeshifter) (WizLab)
  2 tormentors
  2 fire drakes (Zig:12)
  A large abomination (Abyss:3)
  A hydra skeleton (Geh:2)
  2 shadows
  2 blink frogs (Abyss:5)
  A fire bat (Abyss:3)
  A flying skull (Zig:16)
  A black mamba skeleton (Geh:5)
  2 deep elf magi
  A wraith (Geh:5)
  2 deep elf fighters
  2 chaos spawn (Abyss:3)
  A steam dragon (Zig:12)
  A spatial vortex (Abyss:3)
  A vampire mosquito (Vaults:1)
  A mottled dragon (Zig:12)
  3 hell hounds
  A centaur (Vaults:1)
  An ogre (Vaults:3)
  A killer bee (Abyss:3)
  3 wights (Geh:4)
  4 small abominations
  A jelly (Zig:11)
  A starcursed mass (Abyss:1)
  An orc wizard (Orc:3)
  A tengu skeleton (Geh:4)
  A giant eyeball (WizLab)
  A kobold (Vaults:3)
  2 bushes (Abyss:5)
  81 eldritch tentacle segments
  2 fire vortices
  7 fungi
  A lost soul (Crypt:1)
  6 lurking horrors
  67 pillars of salt
  32 plants
  57 starspawn tentacles
  583 starspawn tentacle segments
  9 tentacles (Shoals:4)
  199 tentacle segments (Shoals:4)
1113 creatures vanquished.

Grand Total: 6573 creatures vanquished

Notes
Turn   | Place    | Note
--------------------------------------------------------------
     0 | D:1      | benitares the Merfolk Gladiator began the quest for the Orb.
     0 | D:1      | Reached XP level 1. HP: 16/16 MP: 1/1
    58 | D:1      | Reached skill level 5 in Polearms
    58 | D:1      | Reached XP level 2. HP: 17/22 MP: 2/2
   594 | D:1      | Reached skill level 6 in Polearms
   594 | D:1      | Reached XP level 3. HP: 27/27 MP: 3/3
  1459 | D:3      | Found a burning altar of Makhleb.
  1461 | D:3      | Found a shadowy altar of Dithmenos.
  1522 | D:3      | Found a sparkling altar of Nemelex Xobeh.
  1644 | D:3      | Reached XP level 4. HP: 33/33 MP: 4/4
  1651 | D:3      | Reached skill level 7 in Polearms
  2311 | D:3      | Reached skill level 8 in Polearms
  2495 | D:4      | Reached XP level 5. HP: 38/38 MP: 5/5
  2588 | D:4      | Noticed Menkaure
  2602 | D:4      | Killed Menkaure
  2602 | D:4      | Reached skill level 9 in Polearms
  2602 | D:4      | Reached XP level 6. HP: 16/44 MP: 0/6
  2907 | D:4      | Noticed Eustachio
  2907 | D:4      | Noticed Natasha
  2959 | D:4      | Killed Natasha
  3137 | D:4      | Reached skill level 10 in Polearms
  3160 | D:4      | Killed Eustachio
  3160 | D:4      | Reached XP level 7. HP: 38/50 MP: 4/7
  3166 | D:4      | Noticed Natasha
  3173 | D:4      | Killed Natasha
  3173 | D:4      | Reached skill level 11 in Polearms
  3230 | D:4      | Noticed Natasha
  3233 | D:4      | Killed Natasha
  4270 | D:5      | Entered Level 5 of the Dungeon
  4303 | D:5      | Reached skill level 12 in Polearms
  4869 | D:6      | Reached XP level 8. HP: 38/56 MP: 4/8
  5369 | D:5      | Reached skill level 5 in Dodging
  5729 | D:5      | Reached skill level 13 in Polearms
  5960 | D:6      | Got a fine spear
  5967 | D:6      | Identified the +9 spear of the Final Decision {elec, rElec Str+2} (You found it on level 6 of the Dungeon)
  6389 | D:7      | Reached XP level 9. HP: 67/67 MP: 9/9
  6390 | D:7      | Found a shimmering altar of Xom.
  6411 | D:7      | Reached skill level 5 in Fighting
  6592 | D:7      | Noticed an ice statue
  6601 | D:7      | Found a staircase to the Ecumenical Temple.
  6617 | Temple   | Entered the Ecumenical Temple
  6625 | Temple   | Became a worshipper of Warmaster Okawaru
  6685 | D:7      | Reached skill level 14 in Polearms
  6808 | D:7      | Found a shimmering altar of Xom.
  6808 | D:7      | Found a shimmering altar of Xom.
  6853 | D:7      | Reached * piety under Okawaru
  6905 | D:7      | Found a flagged portal.
  7347 | D:8      | Found Gaow's Demolitions Depot.
  7373 | D:8      | Found a sand-covered staircase.
  7378 | Ossuary  | Entered an ossuary
  7870 | D:8      | Reached ** piety under Okawaru
  8480 | D:9      | Got a dull robe
  8499 | D:9      | Found a shattered altar of Ashenzari.
  8513 | D:9      | Reached XP level 10. HP: 77/79 MP: 10/10
  8560 | D:9      | Reached skill level 15 in Polearms
  8629 | D:9      | Found a staircase to the Orcish Mines.
  8639 | D:9      | Reached *** piety under Okawaru
  8839 | D:9      | Found a staircase to the Lair.
  9102 | D:10     | Entered Level 10 of the Dungeon
  9151 | D:10     | Found Jeuled's Armour Shoppe.
  9158 | D:10     | Noticed 4thArraOfDagon's ghost (novice FeFi)
  9170 | D:10     | Killed 4thArraOfDagon's ghost
  9170 | D:10     | Reached skill level 10 in Dodging
  9458 | D:10     | Reached **** piety under Okawaru
  9752 | D:10     | Reached ***** piety under Okawaru
  9900 | D:10     | Reached skill level 16 in Polearms
 10197 | Lair:1   | Entered Level 1 of the Lair of Beasts
 10296 | Lair:1   | Received a gift from Okawaru
 10296 | Lair:1   | Reached XP level 11. HP: 89/89 MP: 11/11
 10465 | Lair:1   | Reached skill level 1 in Armour
 11735 | Lair:2   | Reached skill level 10 in Fighting
 11857 | Lair:2   | Identified the +0 robe of the Demon Prince {rCorr} (You found it on level 9 of the Dungeon)
 11944 | Lair:2   | Received a gift from Okawaru
 11944 | Lair:2   | Reached skill level 17 in Polearms
 12011 | Lair:2   | Reached ****** piety under Okawaru
 12011 | Lair:2   | Reached XP level 12. HP: 87/98 MP: 12/12
 12675 | Lair:3   | Noticed Nergalle
 12712 | Lair:3   | Killed Nergalle
 12738 | Lair:3   | Found a labyrinth entrance.
 12741 | Lair:3   | Found a staircase to the Snake Pit.
 12794 | Lab      | Entered a labyrinth
 12891 | Lab      | Noticed a minotaur
 12903 | Lab      | Killed a minotaur
 13209 | Lair:3   | Received a gift from Okawaru
 14100 | Lair:4   | Noticed a five-headed hydra
 14105 | Lair:4   | Killed a five-headed hydra
 14105 | Lair:4   | Reached skill level 18 in Polearms
 14362 | Lair:4   | Found a shimmering altar of Xom.
 14519 | Lair:4   | Received a gift from Okawaru
 14537 | Lair:4   | Reached skill level 5 in Armour
 14608 | Lair:4   | Found a staircase to the Shoals.
 14622 | Lair:4   | Reached XP level 13. HP: 68/107 MP: 10/13
 15186 | Lair:5   | Found a frozen archway.
 15219 | IceCv    | Entered an ice cave
 16102 | IceCv    | Got a shimmering ring mail
 16103 | IceCv    | Identified the +1 ring mail of Amorality {rN+ MR+} (You found it in an ice cave)
 16315 | Lair:5   | Received a gift from Okawaru
 17198 | Lair:6   | Noticed Maud
 17212 | Lair:6   | Killed Maud
 17824 | Lair:7   | Noticed Snorg
 17830 | Lair:7   | Killed Snorg
 17830 | Lair:7   | Received a gift from Okawaru
 17830 | Lair:7   | Reached skill level 19 in Polearms
 17830 | Lair:7   | Reached skill level 15 in Dodging
 18381 | Lair:7   | Reached XP level 14. HP: 116/116 MP: 14/14
 18614 | Lair:8   | Entered Level 8 of the Lair of Beasts
 18620 | Lair:8   | Found a staircase to the Slime Pits.
 18970 | Lair:8   | Received a gift from Okawaru
 19022 | Lair:8   | Received a gift from Okawaru
 19031 | Lair:8   | Got a distressingly furry hat {god gift}
 19042 | Lair:8   | Identified the -1 hat of Mupag {Str+2 Dex+3 Slay-4} (Okawaru gifted it to you on level 8 of the Lair of Beasts)
 19879 | Lair:8   | Gained mutation: You have a beak for a mouth. [potion of beneficial mutation]
 19881 | Lair:8   | Gained mutation: You occasionally shout uncontrollably at your foes. [potion of mutation]
 19881 | Lair:8   | Gained mutation: You have a pair of small horns on your head. [potion of mutation]
 19881 | Lair:8   | Gained mutation: You are resistant to hostile enchantments. [potion of mutation]
 19882 | Lair:8   | Lost mutation: You occasionally shout uncontrollably at your foes. [potion of mutation]
 19882 | Lair:8   | Gained mutation: You are agile. (Dex +2) [potion of mutation]
 19882 | Lair:8   | Gained mutation: Your body sometimes deteriorates upon taking damage. [potion of mutation]
 19883 | Lair:8   | Gained mutation: You are partially covered in rough black scales (AC +4, Dex -1). [potion of mutation]
 19883 | Lair:8   | Gained mutation: You are partially covered in thin metallic scales (AC +2). [potion of mutation]
 19884 | Lair:8   | Gained mutation: Your flesh is cold resistant. [potion of mutation]
 19884 | Lair:8   | Lost mutation: Your flesh is cold resistant. [potion of mutation]
 19885 | Lair:8   | Gained mutation: You passively map a small area around you. [potion of mutation]
 19887 | Lair:8   | Gained mutation: You can spit weak poison. [potion of mutation]
 19887 | Lair:8   | Gained mutation: You are dopey. (Int -2) [potion of mutation]
 19887 | Lair:8   | Gained mutation: You are partially covered in iridescent scales (AC +4). [potion of mutation]
 20440 | Orc:1    | Entered Level 1 of the Orcish Mines
 20443 | Orc:1    | Noticed Harold
 20460 | Orc:1    | Killed Harold
 20814 | Orc:2    | You fall through a shaft!
 20913 | Orc:3    | Found a shimmering altar of Xom.
 20944 | Orc:3    | Found a staircase to the Elven Halls.
 20973 | Orc:3    | Found a bloodstained altar of Trog.
 21412 | Orc:1    | Reached skill level 20 in Polearms
 21815 | Orc:2    | Received a gift from Okawaru
 21923 | Orc:4    | Entered Level 4 of the Orcish Mines
 21923 | Orc:4    | Found Eqis's Antique Armour Shop.
 22231 | Orc:4    | Found Deicucse's Antique Weapon Shoppe.
 22282 | Orc:4    | Noticed an orc warlord
 22299 | Orc:4    | Killed an orc warlord
 22299 | Orc:4    | Reached XP level 15. HP: 87/126 MP: 7/15
 22366 | Orc:4    | Noticed Saint Roka
 22366 | Orc:4    | Found Voudim's General Store.
 22641 | Orc:4    | Received a gift from Okawaru
 22642 | Orc:4    | Got a heavily runed crystal plate armour {god gift}
 22936 | Orc:4    | Killed Saint Roka
 22955 | Orc:4    | Identified the +8 crystal plate armour "Upla" {*Confuse +Inv rN+} (Okawaru gifted it to you on level 4 of the Orcish Mines)
 23414 | Orc:4    | Found Daghuol's Antique Armour Shop.
 23439 | Orc:4    | Bought a slimy ring mail for 243 gold pieces
 23439 | Orc:4    | Identified the +3 ring mail "Trusted Companion" {rElec} (You bought it in a shop on level 4 of the Orcish Mines)
 23630 | Orc:4    | Found Kissiow's Jewellery Shop.
 23650 | Orc:4    | Gained mutation: Scrolls take you a little longer to read. [a neqoxec]
 23651 | Orc:4    | Lost mutation: You are agile. (Dex +2) [a neqoxec]
 23652 | Orc:4    | Gained mutation: You are weak. (Str -2) [a neqoxec]
 23756 | Orc:4    | Bought the ring of the Meadowlark {MR- Str+3 Int+7 Dex+5} for 742 gold pieces
 24941 | D:12     | Received a gift from Okawaru
 25146 | D:12     | Reached skill level 21 in Polearms
 25718 | D:13     | Gained mutation: You passively map the area around you. [mutagenic meat]
 25723 | D:13     | Found an iron altar of Okawaru.
 25723 | D:13     | Found an ancient bone altar of Kikubaaqudgha.
 25735 | D:13     | Noticed a sphinx
 25754 | D:13     | Paralysed by a sphinx for 7 turns
 25766 | D:13     | Killed a sphinx
 25766 | D:13     | Received a gift from Okawaru
 25766 | D:13     | Reached skill level 15 in Fighting
 25876 | D:13     | Got a distressingly furry scale mail {god gift}
 25879 | D:13     | Identified the +3 scale mail "Hyto Hela" {Int+3} (Okawaru gifted it to you on level 13 of the Dungeon)
 26505 | D:14     | Reached XP level 16. HP: 136/136 MP: 16/16
 26619 | D:14     | Found Akhusurro's Magic Scroll Shoppe.
 26620 | D:14     | Noticed Sonja
 26641 | D:14     | Killed Sonja
 26654 | D:14     | Found Meluimno's Magic Scroll Shop.
 26852 | D:14     | Found a gate to the Vaults.
 26856 | D:14     | Received a gift from Okawaru
 27214 | D:14     | Found Nogeil's Gadget Boutique.
 27336 | D:14     | Received a gift from Okawaru
 27397 | D:14     | Lost mutation: You are weak. (Str -2) [mutagenic meat]
 27710 | D:14     | Reached skill level 22 in Polearms
 27826 | D:14     | Gained mutation: You are highly resistant to hostile enchantments. [potion of beneficial mutation]
 27997 | D:15     | Entered Level 15 of the Dungeon
 28015 | D:15     | Received a gift from Okawaru
 28063 | D:15     | Noticed Rupert
 28070 | D:15     | Killed Rupert
 28277 | D:15     | Found a portal to a secret trove of treasure.
 28333 | Trove    | Entered a treasure trove
 28353 | Trove    | Got a pitted bardiche
 28366 | Trove    | Identified the +5 bardiche of Eternity {flame, MR+ Str-3 Dex+3} (You found it in a treasure trove)
 28374 | Trove    | Got a transparent bardiche
 28392 | Trove    | Got a slimy bardiche
 28431 | Trove    | Identified the +3 bardiche of Wounding {chop, rElec MP+9} (You found it in a treasure trove)
 28439 | Trove    | Identified the +2 bardiche of the Big Bang {chop, rF+ rC+ Int-2 SInv} (You found it in a treasure trove)
 28488 | D:15     | Found a staircase to the Depths.
 29438 | Snake:1  | Entered Level 1 of the Snake Pit
 31128 | Snake:2  | Noticed Donald
 31135 | Snake:2  | Killed Donald
 31135 | Snake:2  | Reached XP level 17. HP: 145/145 MP: 14/17
 31140 | Snake:2  | Noticed Louise
 31149 | Snake:2  | Killed Louise
 31601 | Snake:2  | Noticed Roxanne
 31612 | Snake:2  | Killed Roxanne
 31612 | Snake:2  | Reached skill level 23 in Polearms
 32516 | Lair:2   | You fall through a shaft for 2 floors!
 32726 | Snake:2  | Found Rounemp's Antique Weapon Shoppe.
 33026 | Snake:3  | Received a gift from Okawaru
 33496 | Snake:3  | Reached skill level 1 in Invocations
 33516 | Snake:3  | Got a transparent plate armour {god gift}
 33937 | Snake:3  | Noticed Aizul
 33946 | Snake:3  | Killed Aizul
 33967 | Snake:3  | Lost mutation: You can spit weak poison. [mutagenic meat]
 33968 | Snake:3  | Gained mutation: Your magical capacity is low (-10% MP). [mutagenic meat]
 33969 | Snake:3  | Lost mutation: Scrolls take you a little longer to read. [mutagenic meat]
 34207 | Snake:4  | Entered Level 4 of the Snake Pit
 35020 | Snake:4  | Received a gift from Okawaru
 35643 | Snake:4  | Reached skill level 5 in Invocations
 35643 | Snake:4  | Reached XP level 18. HP: 145/155 MP: 16/19
 35856 | Snake:4  | Reached skill level 24 in Polearms
 35870 | Snake:4  | Received a gift from Okawaru
 35916 | Snake:4  | Received a gift from Okawaru
 36327 | Snake:4  | Got a serpentine rune of Zot
 36537 | Snake:4  | Received a gift from Okawaru
 36923 | Shoals:1 | Entered Level 1 of the Shoals
 37051 | Shoals:1 | Found Xecounny's General Store.
 37182 | Shoals:1 | Received a gift from Okawaru
 37249 | Shoals:1 | Found Huoruwk's Gadget Shop.
 37432 | Shoals:1 | Noticed Frances
 37436 | Shoals:1 | Noticed Josephine
 37445 | Shoals:1 | Killed Frances
 37448 | Shoals:1 | Killed Josephine
 37770 | Shoals:2 | Reached XP level 19. HP: 150/163 MP: 22/22
 38111 | Shoals:2 | Received a gift from Okawaru
 38505 | Shoals:2 | Reached skill level 25 in Polearms
 38831 | Shoals:3 | Found Qeymijuf's Book Emporium.
 39382 | Shoals:4 | Entered Level 4 of the Shoals
 39399 | Shoals:4 | Noticed Ilsuiw
 39400 | Shoals:4 | Received a gift from Okawaru
 39460 | Shoals:4 | Killed Ilsuiw
 40273 | Shoals:4 | Reached skill level 10 in Invocations
 40423 | Shoals:4 | Got a barnacled rune of Zot
 40573 | Shoals:4 | Received a gift from Okawaru
 40579 | Shoals:4 | Got a dazzling glaive {god gift}
 41174 | Elf:1    | Entered Level 1 of the Elven Halls
 41269 | Elf:1    | Identified the cursed +3 glaive "Hihom" {flame, Int+3} (Okawaru gifted it to you on level 4 of the Shoals)
 41298 | Elf:1    | Reached XP level 20. HP: 174/174 MP: 25/25
 41663 | Elf:1    | Received a gift from Okawaru
 42266 | Elf:2    | Found Owauv's Gadget Shoppe.
 42268 | Elf:2    | Received a gift from Okawaru
 42275 | Elf:2    | Found Plog's Jewellery Emporium.
 42310 | Elf:2    | Noticed Jorgrun
 42330 | Elf:2    | Killed Jorgrun
 42590 | Elf:2    | Found Poodghima's Weapon Shoppe.
 42609 | Elf:2    | Noticed Azrael
 42623 | Elf:2    | Killed Azrael
 42787 | Elf:2    | Found a runed gate.
 42787 | Elf:2    | Found a runed gate.
 42787 | Elf:2    | Found a runed gate.
 42925 | Elf:2    | Found Zellil's Antique Weapon Shop.
 42981 | Elf:2    | Found Temysonn's Jewellery Boutique.
 43374 | Elf:2    | Reached skill level 26 in Polearms
 44007 | Elf:3    | Entered Level 3 of the Elven Halls
 45347 | Elf:3    | Received a gift from Okawaru
 45948 | Elf:3    | HP: 6/176 [hellion/burst of hellfire[a deep elf demonologist] (34)]
 46625 | Elf:3    | Reached XP level 21. HP: 171/182 MP: 19/27
 46843 | Elf:3    | Received a gift from Okawaru
 46844 | Elf:3    | Got a translucent chain mail {god gift}
 47214 | Elf:3    | Identified the +8 chain mail of Okawaru's Displeasure {*Drain rF+ Int-2 Dex+9} (Okawaru gifted it to you on level 3 of the Elven Halls)
 47347 | Elf:3    | Identified the Incunabulum of Curses
 47409 | Elf:3    | Got a steaming ruby amulet
 47423 | Elf:3    | Identified the Collected Works on Confrontation
 47457 | Elf:3    | Got a twisted ring mail
 47508 | Elf:3    | Identified Ceriorheolo's Incunabulum of Battle Magic and Air
 47699 | Orc:4    | Bought a scroll of identify for 34 gold pieces
 47925 | D:14     | Bought a scroll of identify for 32 gold pieces
 47925 | D:14     | Bought a scroll of recharging for 152 gold pieces
 47925 | D:14     | Bought a scroll of identify for 32 gold pieces
 47925 | D:14     | Identified the +5 ring mail of Quex {MR++ rCorr} (You found it on level 3 of the Elven Halls)
 47926 | D:14     | Identified the amulet "Lilajot" {Inacc *Corrode rN+ Int+4 Dex+3} (You found it on level 3 of the Elven Halls)
 47941 | D:14     | Bought a scroll of identify for 32 gold pieces
 47941 | D:14     | Bought a scroll of identify for 32 gold pieces
 47941 | D:14     | Bought a scroll of recharging for 152 gold pieces
 47941 | D:14     | Bought a scroll of recharging for 152 gold pieces
 47943 | D:14     | Identified the cursed +4 plate armour of a sewer {Str+6} (Okawaru gifted it to you on level 3 of the Snake Pit)
 48219 | Elf:2    | Bought the ring of Contentment {rElec rPois rF+++ MR+ MP+9} for 1339 gold pieces
 48541 | Depths:1 | Entered Level 1 of the Depths
 49003 | Depths:1 | Found Wamiam's Elemental Accessories.
 49062 | Depths:1 | Found a gateway to Hell.
 49430 | Depths:1 | Found a one-way gate to the infinite horrors of the Abyss.
 49497 | Depths:1 | Noticed Mara
 49498 | Depths:1 | Noticed benitares's illusion
 49598 | Depths:1 | Killed Mara
 49598 | Depths:1 | Received a gift from Okawaru
 49602 | Depths:1 | Received a gift from Okawaru
 50159 | Depths:2 | Found a huge runed gate.
 50165 | Depths:2 | Found a huge runed gate.
 50165 | Depths:2 | Found a huge runed gate.
 50168 | Depths:2 | Found a huge runed gate.
 50172 | Depths:2 | Found a huge runed gate.
 50172 | Depths:2 | Found a huge runed gate.
 50172 | Depths:2 | Found a huge runed gate.
 50172 | Depths:2 | Found a huge runed gate.
 50172 | Depths:2 | Found a huge runed gate.
 50172 | Depths:2 | Found a huge runed gate.
 50179 | Depths:2 | Found a huge runed gate.
 50181 | Depths:2 | Found a huge runed gate.
 50184 | Depths:2 | Found a huge runed gate.
 50184 | Depths:2 | Found a huge runed gate.
 50184 | Depths:2 | Found a huge runed gate.
 50185 | Depths:2 | Found a huge runed gate.
 50200 | Depths:2 | Found a huge runed gate.
 50202 | Depths:2 | Found a huge runed gate.
 50243 | Depths:2 | Received a gift from Okawaru
 50250 | Depths:2 | Got a pair of twisted gloves {god gift}
 50259 | Depths:2 | Identified the +0 pair of gloves of the Thistle {Int+3} (Okawaru gifted it to you on level 2 of the Depths)
 50325 | Depths:2 | Found a huge runed gate.
 50325 | Depths:2 | Found a huge runed gate.
 50326 | Depths:2 | Found a huge runed gate.
 50338 | Depths:2 | Found a huge runed gate.
 50338 | Depths:2 | Found a huge runed gate.
 50391 | Depths:2 | Reached skill level 27 in Polearms
 50956 | Depths:2 | Reached XP level 22. HP: 188/192 MP: 28/28
 51231 | Depths:3 | Noticed Nikola
 51263 | Depths:3 | Killed Nikola
 51271 | Depths:3 | Found a one-way gate leading to the halls of Pandemonium.
 51302 | Depths:3 | Received a gift from Okawaru
 51652 | Depths:3 | Found a gateway to a bazaar.
 51980 | D:14     | Bought a wand of disintegration (12) for 272 gold pieces
 52137 | Depths:3 | Found Omuymp's Magic Scroll Boutique.
 52200 | Bazaar   | Entered a bazaar
 52227 | Bazaar   | Found Bemen's Armour Emporium.
 52244 | Bazaar   | Found Reamp's Magic Scroll Shoppe.
 52244 | Bazaar   | Found Wuimuulu's Jewellery Emporium.
 52297 | Bazaar   | Bought the amulet of the Genius {rCorr rC+ Int+6} for 419 gold pieces
 52308 | Bazaar   | Bought a scroll of blinking for 97 gold pieces
 52308 | Bazaar   | Bought a scroll of holy word for 97 gold pieces
 52308 | Bazaar   | Bought a scroll of remove curse for 39 gold pieces
 52308 | Bazaar   | Bought a scroll of recharging for 123 gold pieces
 52541 | Depths:3 | Got a vibrating marble ring
 52542 | Depths:3 | Identified the ring of Atheism {+Inv rElec rF+++ Int-5 SInv} (You took it off a frost giant on level 3 of the Depths)
 52682 | Depths:3 | Identified the Catalogue of Flamy Combat Magic
 53576 | Depths:4 | Reached skill level 10 in Armour
 53740 | Depths:4 | Found a gateway to a ziggurat.
 54177 | Depths:4 | Found a snail-covered altar of Cheibriados.
 54440 | Depths:4 | Received a gift from Okawaru
 54543 | Depths:4 | Noticed an iron giant
 55003 | Depths:4 | Reached XP level 23. HP: 201/201 MP: 29/29
 55282 | Depths:4 | Killed an iron giant
 55424 | Depths:5 | Entered Level 5 of the Depths
 56189 | Depths:5 | Received a gift from Okawaru
 56195 | Depths:5 | Got a crystal glaive {god gift}
 56263 | Depths:5 | Noticed the Enchantress
 56304 | Depths:5 | Killed the Enchantress
 56340 | Depths:5 | Got a faerie dragon armour
 56378 | Depths:5 | Found a gate to the Realm of Zot.
 56716 | Depths:3 | Bought a scroll of identify for 30 gold pieces
 56716 | Depths:3 | Bought a scroll of identify for 30 gold pieces
 56716 | Depths:3 | Bought a scroll of identify for 30 gold pieces
 56716 | Depths:3 | Identified the cursed +5 faerie dragon armour {Int+5} (You took it off the Enchantress on level 5 of the Depths)
 56865 | Vaults:1 | Entered Level 1 of the Vaults
 57232 | Vaults:1 | Received a gift from Okawaru
 57470 | Vaults:1 | Found Mifirero's Antique Weapon Emporium.
 58167 | Vaults:1 | Received a gift from Okawaru
 58187 | Vaults:1 | Reached XP level 24. HP: 212/212 MP: 29/29
 58588 | Vaults:2 | Found Deotu's Weapon Shop.
 58843 | Vaults:2 | Found Usog's Gadget Boutique.
 58874 | Vaults:2 | Found Fapiliz's Book Shoppe.
 58991 | Vaults:2 | Found Karufada's General Store.
 59533 | Vaults:3 | Found a staircase to the Crypt.
 59564 | Vaults:3 | Noticed Boris
 59977 | Vaults:3 | Killed Boris
 60427 | Vaults:3 | Received a gift from Okawaru
 61195 | Vaults:4 | Found Mamuaf's Gadget Shop.
 61691 | Vaults:4 | Reached skill level 27 in Dodging
 61882 | Vaults:4 | Received a gift from Okawaru
 62240 | Vaults:4 | Reached XP level 25. HP: 142/221 MP: 29/29
 62448 | Vaults:4 | Found Jiololy's Food Shoppe.
 62449 | Vaults:4 | Found Vashiawk's Gadget Shop.
 62463 | Vaults:4 | Bought a meat ration for 50 gold pieces
 62463 | Vaults:4 | Bought a meat ration for 50 gold pieces
 62463 | Vaults:4 | Bought a meat ration for 50 gold pieces
 62463 | Vaults:4 | Bought a meat ration for 50 gold pieces
 62539 | Vaults:4 | Reached XP level 26. HP: 227/230 MP: 29/29
 62549 | Vaults:5 | Entered Level 5 of the Vaults
 63007 | Vaults:5 | Received a gift from Okawaru
 63112 | Vaults:5 | Got a silver rune of Zot
 63182 | Vaults:5 | Got a bound glass ring
 64160 | Vaults:5 | Got a heavily runed copper amulet
 64161 | Vaults:5 | Identified the cursed ring "Ciytyff" {rPois rC- MR+ Str-3 Int+2} (You took it off a deep elf fighter on level 5 of the Vaults)
 64165 | Vaults:5 | Identified the amulet of the Scarab {+Rage +Inv Int+4} (You found it on level 5 of the Vaults)
 64169 | Vaults:5 | Got a steaming cloak
 64185 | Vaults:5 | Identified the +0 cloak "Weikatt" {rC+ rCorr Stlth+} (You found it on level 5 of the Vaults)
 64977 | Zot:1    | Entered Level 1 of the Realm of Zot
 65138 | Zot:1    | Received a gift from Okawaru
 65254 | Zot:1    | Reached skill level 15 in Armour
 65337 | Zot:1    | Reached XP level 27. HP: 242/242 MP: 29/29
 67214 | Zot:2    | Received a gift from Okawaru
 67513 | Zot:2    | Got a heavily runed chain mail
 67514 | Zot:2    | Identified the +2 chain mail of Detem {+Fly rPois rC+} (You found it on level 2 of the Realm of Zot)
 67774 | Zot:3    | Got a steaming chain mail
 68609 | Zot:3    | Noticed an orb of fire
 68620 | Zot:3    | Received a gift from Okawaru
 68989 | Zot:3    | Received a gift from Okawaru
 69377 | Zot:3    | Gained mutation: You tend to lose your temper in combat. [an orb of fire]
 69381 | Zot:3    | Gained mutation: Your spells are a little easier to cast, but a little less powerful. [an orb of fire]
 69382 | Zot:3    | Gained mutation: You occasionally shout uncontrollably at your foes. [an orb of fire]
 69402 | Zot:3    | Killed an orb of fire
 70113 | Temple   | Fell from the grace of Okawaru
 70113 | Temple   | Became a worshipper of Zin the Law-Giver
 70113 | Temple   | Reached * piety under Zin
 70113 | Temple   | Reached ** piety under Zin
 70114 | Temple   | Donated 1756 gold pieces to Zin
 70117 | Temple   | Donated 878 gold pieces to Zin
 70130 | Temple   | Reached *** piety under Zin
 70224 | D:8      | Reached **** piety under Zin
 70364 | D:12     | Reached ***** piety under Zin
 70520 | Crypt:1  | Entered Level 1 of the Crypt
 70719 | Crypt:1  | Reached ****** piety under Zin
 70760 | Crypt:1  | Noticed Jory
 70781 | Crypt:1  | Killed Jory
 72519 | Zot:4    | Reached skill level 27 in Fighting
 73780 | Zot:5    | Entered Level 5 of the Realm of Zot
 73971 | Zot:5    | Reached skill level 15 in Invocations
 74948 | Depths:3 | Got a pair of encrusted gloves
 74949 | Depths:3 | Identified the +0 pair of gloves of Arabbime {rF++ rC-} (You took it off Nikola on level 3 of the Depths)
 74951 | Depths:3 | Identified the +3 chain mail of Orthodoxy {MR+ Str+4 Int+3 Dex-2} (You found it on level 3 of the Realm of Zot)
 77217 | Zot:5    | Was forgiven by Okawaru
 77297 | Zot:5    | Noticed an ancient lich
 77304 | Zot:5    | Killed an ancient lich
 77609 | Zot:5    | Noticed an ancient lich
 77618 | Zot:5    | Killed an ancient lich
 77749 | Zot:5    | Noticed an ancient lich
 77758 | Zot:5    | Killed an ancient lich
 78324 | Zot:5    | Noticed an ancient lich
 78331 | Zot:5    | Killed an ancient lich
 78891 | Zot:5    | Noticed an orb of fire
 78913 | Zot:5    | Killed an orb of fire
 79221 | Zot:5    | Noticed an orb of fire
 79230 | Zot:5    | Noticed an orb of fire
 79234 | Zot:5    | Killed an orb of fire
 79245 | Zot:5    | Killed an orb of fire
 79683 | Zot:5    | Cast into level 5 of the Abyss (a Zot trap)
 79683 | Abyss:5  | Entered Level 5 of the Abyss
 80155 | Abyss:5  | Paralysed by accursed screaming for 1 turns
 80394 | Abyss:5  | Got a pair of slimy gloves
 80399 | Abyss:5  | Identified the +2 pair of gloves "Suyda" {+Fly} (You found it on level 5 of the Abyss)
 80981 | Abyss:5  | Found an iron altar of Okawaru.
 81333 | Abyss:5  | Paralysed by accursed screaming for 2 turns
 81340 | Abyss:5  | Paralysed by accursed screaming for 2 turns
 81649 | Abyss:5  | Paralysed by accursed screaming for 2 turns
 82292 | Abyss:5  | Noticed an ancient lich
 82397 | Abyss:5  | Paralysed by accursed screaming for 1 turns
 82955 | Zot:5    | Escaped the Abyss
 84006 | Slime:1  | Entered Level 1 of the Pits of Slime
 85046 | Slime:6  | Entered Level 6 of the Pits of Slime
 85197 | Slime:6  | Noticed the Royal Jelly
 85215 | Slime:6  | Killed the Royal Jelly
 87040 | Slime:6  | Got a slimy rune of Zot
 87111 | Slime:6  | Got a distressingly furry plate armour
 87112 | Slime:6  | Identified the +9 plate armour of Greed {rElec rN+ Int-2 Dex+7} (You found it on level 6 of the Pits of Slime)
 88001 | Crypt:2  | Found a magical portal.
 88021 | WizLab   | Entered Cigotuvi's Fleshworks
 88211 | WizLab   | Paralysed by a giant eyeball for 2 turns
 88219 | WizLab   | Paralysed by a giant eyeball for 2 turns
 88228 | WizLab   | Paralysed by a giant eyeball for 4 turns
 88246 | WizLab   | Paralysed by a giant eyeball for 2 turns
 88263 | WizLab   | Paralysed by a giant eyeball for 2 turns
 89945 | Hell     | Entered the Vestibule of Hell
 89945 | Hell     | Noticed Geryon
 89967 | Hell     | Noticed Murray
 90437 | Hell     | Killed Geryon
 90455 | Depths:1 | Killed Murray
 91353 | Hell     | Found a gateway to the freezing wastes of Cocytus.
 91400 | Hell     | Found a gateway to the decaying netherworld of Tartarus.
 91472 | Hell     | Found a gateway to the ashen valley of Gehenna.
 91598 | Hell     | Found a gateway to the Iron City of Dis.
 91743 | Geh:1    | Entered Level 1 of Gehenna
 93753 | Geh:5    | Found a huge runed gate.
 93753 | Geh:5    | Found a huge runed gate.
 93753 | Geh:5    | Found a huge runed gate.
 93753 | Geh:5    | Found a huge runed gate.
 93753 | Geh:5    | Found a huge runed gate.
 93803 | Geh:5    | Found a huge runed gate.
 94279 | Geh:2    | You fall through a shaft!
 94474 | Geh:7    | Entered Level 7 of Gehenna
 94833 | Geh:7    | HP: 10/249 [Brimstone Fiend/blast of hellfire (38)]
 94855 | Geh:7    | Got a transparent bronze ring
 94856 | Geh:7    | Identified the ring of Temperance {+/*Tele rElec MR- Str+3 Stlth+} (You found it on level 7 of Gehenna)
 95275 | Geh:7    | HP: 8/249 [Brimstone Fiend/blast of hellfire (46)]
 96449 | Geh:7    | Noticed Asmodeus
 96493 | Geh:7    | Killed Asmodeus
 96530 | Geh:7    | Got an obsidian rune of Zot
 96988 | Dis:1    | Entered Level 1 of the Iron City of Dis
 98739 | Dis:7    | Entered Level 7 of the Iron City of Dis
100388 | Dis:7    | Noticed the Serpent of Hell
100433 | Dis:7    | Killed the Serpent of Hell
101277 | Dis:7    | Noticed Dispater
101290 | Dis:7    | Reached skill level 27 in Invocations
101312 | Dis:7    | Killed Dispater
101383 | Dis:7    | Got an iron rune of Zot
101389 | Dis:7    | Got a flickering turquoise ring
102628 | Vaults:4 | Bought 5 fruits for 75 gold pieces
102628 | Vaults:4 | Bought a bread ration for 50 gold pieces
102628 | Vaults:4 | Bought a slice of pizza for 15 gold pieces
102628 | Vaults:4 | Bought a royal jelly for 20 gold pieces
102628 | Vaults:4 | Bought a bread ration for 50 gold pieces
102628 | Vaults:4 | Bought a bread ration for 50 gold pieces
102628 | Vaults:4 | Bought a bread ration for 50 gold pieces
103019 | Zig:1    | Entered Level 1 of a ziggurat
103048 | Zig:1    | Got a bloodstained ring mail
103050 | Zig:2    | Entered Level 2 of a ziggurat
103083 | Zig:2    | Identified the ring of the Present {+/*Tele rC+ MR+++ Int-5 Dex-2} (You found it on level 7 of the Iron City of Dis)
103084 | Zig:2    | Identified the cursed +0 ring mail "Niakoen" {rN++ Regen+ Dex-4} (You found it on level 1 of a ziggurat)
103088 | Zig:3    | Entered Level 3 of a ziggurat
103103 | Zig:3    | Paralysed by accursed screaming for 1 turns
103195 | Zig:4    | Entered Level 4 of a ziggurat
103420 | Zig:5    | Entered Level 5 of a ziggurat
103499 | Zig:6    | Entered Level 6 of a ziggurat
103753 | Zig:7    | Entered Level 7 of a ziggurat
104097 | Zig:7    | Got a flickering steel ring
104105 | Zig:8    | Entered Level 8 of a ziggurat
104123 | Zig:9    | Entered Level 9 of a ziggurat
104712 | Zig:9    | Noticed Sismasin the pandemonium lord
104809 | Zig:9    | Killed Sismasin the pandemonium lord
104993 | Zig:10   | Entered Level 10 of a ziggurat
105035 | Zig:10   | HP: 9/249 [??? (5)]
105072 | Zig:11   | Entered Level 11 of a ziggurat
105505 | Zig:11   | Got a steaming ring mail
105512 | Zig:12   | Entered Level 12 of a ziggurat
105976 | Zig:13   | Entered Level 13 of a ziggurat
106102 | Zig:13   | Got a distressingly furry crystal plate armour
106134 | Zig:13   | Identified the ring "Vicet" {rPois Str+4} (You found it on level 7 of a ziggurat)
106352 | Zig:14   | Entered Level 14 of a ziggurat
106367 | Zig:14   | Noticed Lollosui the pandemonium lord
106368 | Zig:14   | Identified a scroll of acquirement
106372 | Zig:14   | HP: 12/249 [??? (8)]
106373 | Zig:14   | Reached skill level 1 in Evocations
106383 | Zig:15   | Entered Level 15 of a ziggurat
107060 | Zig:15   | Got a fine iron ring
107300 | Zig:16   | Entered Level 16 of a ziggurat
107345 | Zig:16   | Reached skill level 5 in Evocations
107356 | Zig:16   | HP: 11/249 [??? (6)]
107806 | Zig:16   | Identified the ring of the Last Runes {rF+ SInv} (You found it on level 15 of a ziggurat)
107834 | Zig:17   | Entered Level 17 of a ziggurat
108277 | Zig:17   | Identified the +8 crystal plate armour "Zougud" {*Corrode rElec Str+2 Int+2} (You found it on level 13 of a ziggurat)
108317 | Zig:17   | Got a pair of heavily runed gloves
108328 | Zig:17   | Identified the +0 pair of gloves of Abstinence {*Corrode Str+4 Int+3} (You acquired it on level 17 of a ziggurat)
108407 | Depths:4 | Voluntarily entered the Abyss.
108439 | Abyss:1  | Paralysed by accursed screaming for 2 turns
108454 | Abyss:1  | Paralysed by accursed screaming for 2 turns
108475 | Abyss:1  | Paralysed by a chaos spawn for 7 turns
109151 | Abyss:2  | Reached skill level 10 in Evocations
109582 | Abyss:3  | Found a corrupted altar of Lugonu.
109608 | Abyss:3  | Identified the cursed +1 ring mail "Asaqiog" {rPois} (You found it on level 11 of a ziggurat)
110793 | Abyss:3  | Reached skill level 27 in Armour
110809 | Abyss:3  | Found a corrupted altar of Lugonu.
110854 | Abyss:3  | Noticed an ancient lich
110864 | Abyss:3  | Killed an ancient lich
111228 | Abyss:3  | Got an abyssal rune of Zot
111273 | Abyss:3  | Reached skill level 1 in Stealth
111516 | Abyss:3  | Paralysed by accursed screaming for 2 turns
111531 | Abyss:3  | Paralysed by accursed screaming for 1 turns
111536 | Abyss:3  | Paralysed by accursed screaming for 1 turns
111586 | Depths:4 | Escaped the Abyss
112138 | Depths:5 | Reached skill level 5 in Stealth
112403 | Pan      | Entered Pandemonium
112536 | Pan      | Noticed Nunnix the pandemonium lord
112555 | Pan      | Killed Nunnix the pandemonium lord
112577 | Pan      | Got a demonic rune of Zot
112672 | Pan      | Got a pair of slimy boots
112683 | Pan      | Identified the +0 pair of boots of Fun {rElec rF++ Dex-5} (You acquired it in Pandemonium)
112696 | Pan      | Found an exit through the horrors of the Abyss.
112765 | Pan      | Reached skill level 10 in Stealth
112765 | Pan      | Reached skill level 15 in Evocations
113660 | Pan      | Entered the realm of Mnoleg.
113674 | Pan      | Found an exit through the horrors of the Abyss.
113834 | Pan      | Noticed Mnoleg
113859 | Pan      | Paralysed by a giant eyeball for 3 turns
113874 | Pan      | Paralysed by a giant eyeball for 2 turns
113885 | Pan      | Killed Mnoleg
113978 | Pan      | Got a glowing rune of Zot
114156 | Pan      | Reached skill level 15 in Stealth
115104 | Pan      | Found an exit through the horrors of the Abyss.
115608 | Pan      | Noticed Mennas
115643 | Pan      | Killed Mennas
117010 | Pan      | Noticed Ageshropn the pandemonium lord
117097 | Pan      | Found an exit through the horrors of the Abyss.
117580 | Pan      | Found an exit through the horrors of the Abyss.
118189 | Pan      | Noticed Zatexe the pandemonium lord
118218 | Pan      | Killed Zatexe the pandemonium lord
118423 | Pan      | Entered the realm of Cerebov.
118731 | Pan      | Found an exit through the horrors of the Abyss.
118763 | Pan      | Noticed Cerebov
118868 | Pan      | Got a scorched diamond amulet
119318 | Pan      | Killed Cerebov
119425 | Pan      | Got a fiery rune of Zot
119865 | Pan      | Entered the realm of Gloorx Vloq.
119959 | Pan      | Found an exit through the horrors of the Abyss.
120325 | Pan      | Noticed Gloorx Vloq
121333 | Pan      | HP: 4/249 [Gloorx Vloq (23)]
121336 | Pan      | Got a dark rune of Zot
121336 | Pan      | HP: 1/249 [poisoned by Gloorx Vloq (dark miasma)]
123002 | Pan      | Noticed Wafrum the pandemonium lord
123840 | Pan      | Found an exit through the horrors of the Abyss.
124492 | Pan      | Noticed Zakhler the pandemonium lord
124505 | Pan      | Killed by an exploding fulminant prism

Vault maps used:
D:1:      dpeg_arrival_sounds_slurp, minmay_misc_feat_columns
D:3:      nicolae_overflow_hidden_temple, nemelex_deck
D:4:      serial_bayou_ford_a, grunt_ministairs_6, uniq_eustachio, uniq_natasha,
          uniq_menkaure
D:5:      kennysheep_big_flooded_room, first_bread, guppyfry_early_orc_mine
D:7:      lemuel_ice_statue, minmay_temple_entry_statues_fountains,
          enter_bailey_8, xom_redecorated
D:8:      enter_ossuary_2, grunt_pizzeria, minmay_misc_feat_five,
          nicolae_blasting_shop
D:9:      grunt_lair_entry_elf_guard_hut, david_orc_3, evilmike_ruin_ashenzari
D:10:     serial_shops, shop
D:12:     solitary_fountain
D:13:     jmf_multi_god_temple
D:14:     grunt_vaults_entry_tiered, kennysheep_path_1, serial_shops,
          nicolae_shop_crystal, shop, kennysheep_mini, uniq_sonja
D:15:     gammafunk_depths_entry_grave, enter_trove_6, minmay_tree_intersection,
          uniq_rupert
Temple:   lightli_temple_of_artemis
Lair:1:   lemuel_fruit_fields
Lair:3:   dpeg_oklob_gauntlet, dummy_snake_entry, lab_entry_generic,
          grunt_megastairs_3, uniq_nergalle
Lair:4:   minmay_shoals_entry_beasts, basic_altar, beast_lair_carwin_7
Lair:5:   portal_ice_cave_entry_pillars_02
Lair:6:   uniq_maud
Lair:7:   uniq_snorg
Lair:8:   minmay_lair_end_frog_pond, slime_dummy, infiniplex_staircase_pool_2
Shoals:1: cheibrodos_shoals_roost, serial_shops, shop, shop, uniq_josephine,
          uniq_frances
Shoals:2: nicolae_shoals_cliffside_cave, hangedman_shoal_volcano
Shoals:3: serial_shops, shop
Shoals:4: shoals_end_hangedman, shoals_ilsuiw_ice,
          nicolae_shoals_circle_sea_wall
Snake:2:  serial_shops, shop, uniq_donald, uniq_louise, uniq_roxanne
Snake:3:  nicolae_aizul_guard
Snake:4:  snake_pit_salamanders_mu, serial_bayou_shore_b, serial_bayou_shore_b
Slime:2:  cheibrodos_slime_lost_civilization_7
Orc:1:    mines4_lemuel, uniq_harold
Orc:2:    mines5_lemuel
Orc:3:    basic_altar, nicolae_orc_pool_cavern, trog_book
Orc:4:    grunt_orc_gardens, grunt_orc_garden, grunt_orc_garden,
          grunt_orc_garden, grunt_orc_garden, serial_shops,
          nicolae_shop_waterfront, uniq_saint_roka
Elf:1:    eino_elf_arrival_sip, serial_aquarium, aquarium_bridge_square,
          aquarium_window_1, aquarium_window_fake, aquarium_view_2f,
          aquarium_pool_four, hangedman_elf_disciples
Elf:2:    serial_shops, shop_fountains, shop_statue, nicolae_shop_stone, shop,
          nicolae_shop_stone, minivault_16, amalloy_card_club, uniq_jorgrun,
          uniq_azrael
Elf:3:    elf_hall, hangedman_elven_ridges, uniq_aizul
Vaults:1: st_quartered_hall, vaults_room_semicircle, v_rooms_3,
          ontoclasm_vaults_ring_square, vaults_standard_mumra_x,
          nicolae_vaults_what_the_h, serial_shops, shop
Vaults:2: hangedman_vaults_hat, nicolae_vaults_little_squares_6,
          vaults_room_ringed_pool, v_alt_pattern_1, st_diamondy,
          v_alt_pattern_4, nicolae_vaults_sealed_display,
          hangedman_vaults_variations, hangedman_vaults_nodes,
          grunt_vaults_funnel, ontoclasm_vaults_idyll,
          nicolae_vaults_little_squares_6, v_alt_pattern_6, v_misc_23,
          vaults_dpeg_ring, serial_shops, shop, nicolae_shop_waterfront,
          nicolae_shop_stone, nicolae_shop_behind_doors
Vaults:3: v_rooms_2, hangedman_vaults_stream, hangedman_vaults_pinch,
          v_alt_pattern_6, minmay_crypt_entry_simple_corners,
          grunt_vaults_twisty, v_pattern_4, v_misc_19, nicolae_vaults_murderbox,
          ontoclasm_vaults_idyll, uniq_boris
Vaults:4: st_cells, v_rooms_4, ontoclasm_vaults_twist, v_pattern_1,
          nicolae_vaults_theta, v_rooms_4, vaults_mumra_chevron,
          vaults_room_large_hall, v_misc_32, vaults_room_door_hall,
          ontoclasm_vaults_eye, serial_shops, shop, shop_fountains, shop_statue
Crypt:1:  uniq_jory
Crypt:2:  infiniplex_enter_wizlab_water, grunt_megastairs_2
Depths:1: abyss_entry, nicolae_wwwww, hell_entry, minmay_misc_feat_four_crosses,
          nicolae_elemental_shop, serial_bayou_shore_a,
          kennysheep_random_hallway, uniq_mara
Depths:2: nrook_guardian_serpent_snake_passage, hangedman_decor_riveting,
          hell_entry, abyss_entry_small_statue_room, kennysheep_doodads,
          not_door_vault_due, infiniplex_staircase_zigzag_3
Depths:3: minmay_fractal_lines_corner, grunt_hell_entry_dis_grunt,
          serial_sigils_hangedman_gut, serial_shops, statue_bzr, shop,
          pan_entry, uniq_nikola
Depths:4: thingy_vault, enter_ziggurat_a, serial_curves, eino_curves_01,
          eino_curves_01, eino_curves_03, abyss_entry, cheibriados_altar_1,
          hell_entry, minivault_11, basic_stair_grate_trap,
          minmay_staircase_bubble
Depths:5: grunt_bruiser_brothers, hell_entry, minmay_misc_feat_cross,
          kennysheep_pointless_box, uniq_enchantress
Dis:3:    hangedman_iron_city_apartments
Dis:7:    iron_city_of_dis
Geh:5:    gehenna_fire_generator, door_vault
Geh:7:    geh_hangedman
Zot:2:    st_stairs_7
Zot:3:    nicolae_zot_stationary_front, zot_minivault_6
Zot:4:    grunt_ministairs_7, hangedman_elemental_corridor
Zot:5:    guppyfry_library_mini
Abyss:3:  guppyfry_abyss_exit_imp_island, hangedman_abyss_stitches_cave
Abyss:5:  evilmike_abyss_rune_shrine
Pan:      nicolae_pan_door_chamber, pan_blood_fountain,
          evilmike_mini_pan_pillars, evilmike_mini_pan_corner,
          evilmike_mini_pan_corner, mnoleg_grunt, evilmike_mini_pan_pillars,
          uniq_mennas_pan, nicolae_pan_hourglass, nicolae_pan_gloorx_vloqian_4,
          evilmike_mini_pan_T, cerebov_grunt, rand_demon_5,
          pan_blood_fountain_2, nicolae_pan_gloorx_vloqian_4,
          evilmike_mini_pan_doors_b, gloorx_vloq_grunt, reaverb_pan_squares,
          rand_demon_8, pan_blood_fountain_small, lemuel_hellion_island,
          rand_demon_3, evilmike_mini_pan_3x3, evilmike_mini_pan_branches
Zig:7:    ziggurat_pillar_centre_c
Zig:11:   ziggurat_loot_2
Zig:14:   ziggurat_pillar_centre_oklobs
Zig:15:   ziggurat_pillar_centre_dead_trees
Lab:      labyrinth_hidden_loot, nicolae_lab_garden, labyrinth_glass_2,
          lab_hedge, nicolae_lab_big_swirl, labyrinth_skeletal_remains
Bazaar:   bazaar_short_row
Trove:    trove_weapon_1
Ossuary:  ossuary_tomb_3
IceCv:    ice_cave_tombish
WizLab:   wizlab_cigotuvi

Action                   |  1- 3 |  4- 6 |  7- 9 | 10-12 | 13-15 | 16-18 | 19-21 | 22-24 | 25-27 || total
-------------------------+-------+-------+-------+-------+-------+-------+-------+-------+-------++-------
Melee: Trident           |   126 |   115 |   253 |       |       |       |       |       |       ||   494
       Spear             |       |       |   194 |   719 |   171 |       |       |       |       ||  1084
       Glaive            |       |       |       |       |  1305 |   363 |       |       |       ||  1668
       Scythe            |       |       |       |       |       |   743 |   964 |  2000 |   397 ||  4104
       Bardiche          |       |       |       |       |       |       |   666 |       | 11189 || 11855
Throw: Throwing net      |       |       |     3 |       |       |       |       |       |       ||     3
Invok: Heroism           |       |       |       |     3 |    12 |    10 |    19 |    14 |    14 ||    72
       Finesse           |       |       |       |       |     1 |     2 |    11 |     2 |     4 ||    20
       Vitalisation      |       |       |       |       |       |       |       |       |    92 ||    92
       Recite            |       |       |       |       |       |       |       |       |    44 ||    44
       Sanctuary         |       |       |       |       |       |       |       |       |     3 ||     3
       Donate Gold       |       |       |       |       |       |       |       |       |     2 ||     2
       Imprison          |       |       |       |       |       |       |       |       |     1 ||     1
 Abil: Stop Flying       |       |       |       |       |     1 |       |       |       |       ||     1
Evoke: Wand              |       |       |       |       |       |     2 |     8 |     8 |    71 ||    89
       Phial of floods   |       |       |       |       |       |       |       |       |     2 ||     2
       Fan of gales      |       |       |       |       |       |       |       |       |     1 ||     1
  Use: Potion            |       |     1 |     1 |     1 |     8 |    10 |     3 |     1 |    55 ||    80
       Scroll            |       |       |     8 |    10 |    22 |    23 |    25 |    18 |    99 ||   205
 Stab: Sleeping          |     1 |     2 |     3 |       |     9 |     4 |     4 |       |     6 ||    29
       Held in net/web   |       |       |     3 |       |       |       |       |       |     1 ||     4
       Distracted        |       |       |       |       |     1 |     9 |    11 |    15 |    75 ||   111
       Confused          |       |       |       |       |       |       |       |       |    35 ||    35
       Paralysed         |       |       |       |       |       |       |       |       |     6 ||     6
       Invisible         |       |       |       |       |       |       |       |       |     4 ||     4
       Petrified         |       |       |       |       |       |       |       |       |     4 ||     4
  Eat: Chunk             |     2 |     2 |     6 |    20 |    22 |    15 |     5 |    14 |    14 ||   100
       Beef jerky        |       |     1 |     1 |       |       |     1 |     1 |     5 |    10 ||    19
       Pizza             |       |     1 |       |       |       |     1 |       |     5 |    12 ||    19
       Bread ration      |       |       |     1 |       |     5 |     3 |     3 |       |    18 ||    30
       Meat ration       |       |       |     1 |       |       |     3 |     4 |     2 |    31 ||    41
       Royal jelly       |       |       |       |       |     1 |       |     1 |     1 |     4 ||     7
       Fruit             |       |       |       |       |       |       |       |       |    31 ||    31
